 Dungeon Crawl Stone Soup version 0.19.1-1-g22dce08 (webtiles) character file.

148 theAP the Skirmisher (level 5, -6/34 HPs)
             Began as a Gargoyle Fighter on Jan 3, 2017.
             Killed by divine providence
             ... invoked by an orc priest
              (15 damage)
             ... on level 3 of the Dungeon.
             The game lasted 00:03:50 (1441 turns).

theAP the Skirmisher (Gargoyle Fighter)             Turns: 1441, Time: 00:03:51

Health: -6/34      AC: 15    Str: 21    XL:     5   Next: 30%
Magic:  5/5        EV:  3    Int:  8    God:
Gold:   155        SH:  9    Dex:  9    Spells: 0 memorised, 4 levels left

rFire  . . .     SeeInvis .     a - +1 flail
rCold  . . .     Gourm    .     q - +0 plate armour
rNeg   + . .     Faith    .     c - +0 shield
rPois  ∞         Spirit   .     (no helmet)
rElec  +         Reflect  .     (no cloak)
rCorr  .         Harm     .     (no gloves)
MR     .....                    (no boots)
Stlth  ..........               (no amulet)
                                (no ring)
                                (no ring)

@: no status effects
A: negative energy resistance 1, electricity resistance, unbreathing,
petrification resistance, rot immunity, AC +4
a: no special abilities


You were on level 3 of the Dungeon.
You were very hungry.

You visited 1 branch of the dungeon, and saw 3 of its levels.

You collected 155 gold pieces.

Inventory:

Hand Weapons
 a - a +1 flail (weapon)
Armour
 b - a +0 scale mail
 c - a +0 shield (worn)
 q - a +0 plate armour (worn)
Scrolls
 e - 3 scrolls of teleportation
 k - a scroll of remove curse
Potions
 d - a potion of might
 g - 2 potions of magic
 h - 4 potions of heal wounds {unknown}
 l - a potion of lignification {unknown}
 n - 2 potions of flight {unknown}
 p - a potion of curing {unknown}
Comestibles
 f - 2 bread rations
 i - 2 slices of pizza
 j - 2 fruits
 m - a royal jelly
 o - a meat ration


   Skills:
 + Level 4.4 Fighting
 * Level 4.2 Maces & Flails
 - Level 3.5 Armour
 - Level 3.4 Shields


You had 4 spell levels left.
You didn't know any spells.

Dungeon Overview and Level Annotations

Branches:
Dungeon (3/15)

Altars:
Cheibriados
Kikubaaqudgha
Nemelex Xobeh
Qazlal
Ru
Trog
Xom


Innate Abilities, Weirdness & Mutations

You are resistant to torment.
Your stone body is resilient. (AC +4)
You are immune to poison.
You resist negative energy. (rN+)
You are resistant to electric shocks. (rElec)
You can survive without breathing.
You are immune to petrification.
You are immune to rotting.


Message History

The orc hits you but does no damage. The goblin hits you but does no damage.
You block the orc priest's attack.
You hit the orc priest.
The orc priest is almost dead.
The orc hits you but does no damage. You block the goblin's attack.
The orc priest hits you but does no damage.
Your shield and plate armour prevent you from hitting the orc priest.
The orc priest is almost dead.
You block the orc's attack.
The orc priest hits you but does no damage.
The goblin hits you but does no damage. The orc hits you but does no damage.
Your shield and plate armour prevent you from hitting the orc priest.
The orc priest is almost dead.
You block the orc priest's attack. The goblin hits you but does no damage.
You block the orc's attack.
You hit the orc priest but do no damage.
The orc priest is almost dead.
The orc priest mumbles some strange prayers to Beogh against you.
Beogh smites you!
You die...

........# #+# ........#
.. #.# #......# #.###.#
##.....# #..##.#
.#....$.######.##.######
.......r. ..............
......go######.##.###...
#@o.........# #...
#...).....#.# #...
#...)...#.#.# #...
#.......#.#.# #...
##.....##.#.# #...
#.....##...# ####
.......##....
........##..>.
....######...


You could see an orc priest, an orc, a quokka and a goblin.

Vanquished Creatures
  An orc priest (D:3)
  An orc wizard (D:3)
  Ijyb (D:2)
  An adder (D:2)
  An ooze (D:1)
  A worm (D:2)
  A dart slug (D:1)
  A leopard gecko (D:1)
  An orc (D:3)
  2 ball pythons (D:1)
  3 giant cockroaches
  5 goblins
  5 hobgoblins (D:1)
  5 jackals (D:2)
  A quokka (D:2)
  2 bats
  A frilled lizard (D:1)
  6 kobolds
  7 rats
46 creatures vanquished.

Notes
Turn   | Place    | Note
-------+----------+-------------------------------------------
     0 | D:1      | theAP the Gargoyle Fighter began the quest for the Orb.
     0 | D:1      | Reached XP level 1. HP: 14/14 MP: 1/1
    61 | D:1      | Reached XP level 2. HP: 14/19 MP: 2/2
   312 | D:1      | Reached XP level 3. HP: 24/24 MP: 3/3
   459 | D:1      | Found a snail-covered altar of Cheibriados.
   797 | D:2      | Reached XP level 4. HP: 29/29 MP: 4/4
   855 | D:2      | Found an ancient bone altar of Kikubaaqudgha.
   855 | D:2      | Found a sparkling altar of Nemelex Xobeh.
   855 | D:2      | Found a sacrificial altar of Ru.
   855 | D:2      | Found a bloodstained altar of Trog.
   861 | D:2      | Found a stormy altar of Qazlal.
   861 | D:2      | Found a shimmering altar of Xom.
   933 | D:2      | Noticed Ijyb
   953 | D:2      | Killed Ijyb
  1291 | D:3      | Reached XP level 5. HP: 11/33 MP: 5/5
  1441 | D:3      | Killed from afar by an orc priest

Skill      XL: |  1  2  3  4 |
---------------+-------------+-----
Maces & Flails | 3 4 |  4.2
Fighting       | 4 |  4.4
Armour         | |  3.5
Shields        | |  3.4

Action                   |  1- 3 |  4- 6 || total
-------------------------+-------+-------++-------
Melee: Flail             |   138 |    59 ||   197
  Use: Scroll            |     5 |       ||     5
  Eat: Chunk             |       |     1 ||     1
Armor: Scale mail        |    81 |     8 ||    89
       Plate armour      |       |    44 ||    44
Dodge: Dodged            |    52 |    12 ||    64
Block: Shield            |    58 |    33 ||    91
